 Dungeon Sprint DCSS version 0.26-a0-649-gf8c6c3aab7 (webtiles) character file.

Game seed: 12328813837319986355

483 sahdkjhfkaj the Grappler (level 7, -2/81 HPs)
             Began as an Octopode Berserker on Sept 27, 2020.
             Was an Elder of Trog.
             Slain by a fire bat (3 damage)
             ... in the Dungeon (Sprint VII: "The Pits").
             The game lasted 00:01:24 (1051 turns).

sahdkjhfkaj the Grappler (Octopode Berserker)       Turns: 1051, Time: 00:01:24

Health: -2/81      AC:  1    Str: 18    XL:     7   Next: 12%
Magic:  7/7        EV: 16    Int:  9    God:    Trog [****..]
Gold:   0          SH:  0    Dex: 12    Spells: 6/6 levels left

rFire    . . .     SeeInvis .     - Unarmed
rCold    . . .     Faith    .   (no shield)
rNeg     . . .     Spirit   .   (helmet restricted)
rPois    .         Reflect  .   (no amulet)
rElec    .         Harm     .   (no ring)
rCorr    .         Rampage  .   (no ring)
MR       .....     NoTele   +   (no ring)
Stlth    ..........             (no ring)
HPRegen  0.23/turn              (no ring)
MPRegen  0.10/turn              (no ring)
                                (no ring)
                                (no ring)

@: berserking, very quick
A: almost no armour, stealthy swim, amphibious, 8 rings, constrict 8, camouflage
1, gelatinous body 1
a: Berserk, Trog's Hand, Brothers in Arms, Renounce Religion


You were in the Dungeon.
You worshipped Trog.
Trog was greatly pleased with you.
You visited 1 branch

Inventory:

Scrolls
 f - a scroll of blinking
 h - 3 scrolls of remove curse
 i - a scroll of summoning
Potions
 a - 6 potions of curing
 b - 2 potions of heal wounds
 c - a potion of haste
 d - 4 potions of magic
 e - 3 potions of berserk rage
 g - 2 potions of invisibility


   Skills:
 + Level 7.0 Fighting
 + Level 7.0 Dodging
 * Level 11.9 Unarmed Combat


You had 6 spell levels left.
You didn't know any spells.
Your spell library was empty.

Dungeon Overview and Level Annotations

Branches:
Dungeon (1/1)

Altars:
Ashenzari
Cheibriados
Dithmenos
Elyvilon
Fedhas
Gozag
Hepliaklqana
Kikubaaqudgha
Makhleb
Nemelex Xobeh
Okawaru
Qazlal
Ru
Sif Muna
Trog
Uskayaw
Vehumet
Wu Jian
Xom
Yredelemnul
Zin
The Shining One
Beogh
Jiyva
Lugonu


Innate Abilities, Weirdness & Mutations

You cannot wear most types of armour.
You are very stealthy in the water. (Stealth+)
You are amphibious.
You can wear up to eight rings at the same time.
You can use your tentacles to constrict eight enemies at once.
Your skin changes colour to match your surroundings (Stealth+).
Your rubbery body absorbs attacks. (AC +1, EV +1)


Message History

The fire bat is moderately wounded.
The fire bat bites you.
* * * LOW HITPOINT WARNING * * *
You are engulfed in flames!
* * * LOW HITPOINT WARNING * * *
The centaur shoots an arrow.
The arrow closely misses you.
Unknown command.
Things that are here:
a +0 shortbow; 21 arrows; a centaur corpse Unknown command.
You barely miss the centaur. You squeeze the centaur!
The centaur is moderately wounded.
The fire bat closely misses you.
The centaur unwields a +0 shortbow.
The centaur hits you.
* * * LOW HITPOINT WARNING * * *
Unknown command.
You completely miss the fire bat. You grab the fire bat.
The fire bat is moderately wounded.
You constrict the fire bat. The fire bat bites you.
You die...

#.#.†...#))##.......#
#.#.....#..##.......#
#.####'##'###...<...#
#.#....†...##.......#
#.#........##.......#
#'###########.......#
#..((...# #########
#..#b#..# #.##@# #
#...c...# #.##.##.#
#..#.# # #.....
######


You could see a fire bat and a centaur.

Vanquished Creatures
  A warg (D)
  A floating eye (D)
  A phantom (D)
  A centaur (D)
  A big kobold (D)
  An adder (D)
  A river rat (D)
  2 ufetubi (D)
  2 bat skeletons (D)
  2 jackals (D)
  A bat (D)
14 creatures vanquished.

Notes
Turn   | Place    | Note
-------+----------+-------------------------------------------
     0 | D        | sahdkjhfkaj the Octopode Berserker began the quest for the
                  | Orb.
     0 | D        | Reached XP level 1. HP: 16/16 MP: 1/1
    16 | D        | Reached skill level 4 in Unarmed Combat
    63 | D        | Found a bloodstained altar of Trog.
    63 | D        | Found a shimmering blue altar of Sif Muna.
    63 | D        | Found a viscous altar of Jiyva.
    63 | D        | Found a hazy altar of Hepliaklqana.
    63 | D        | Found an opulent altar of Gozag.
    65 | D        | Found a glowing golden altar of the Shining One.
    65 | D        | Found a glowing silver altar of Zin.
    65 | D        | Found a basalt altar of Yredelemnul.
    65 | D        | Found a shimmering altar of Xom.
    65 | D        | Found an ornate altar of the Wu Jian Council.
    65 | D        | Found a sacrificial altar of Ru.
    65 | D        | Found a stormy altar of Qazlal.
    65 | D        | Found an iron altar of Okawaru.
    65 | D        | Found a sparkling altar of Nemelex Xobeh.
    65 | D        | Found a burning altar of Makhleb.
    65 | D        | Found a blossoming altar of Fedhas.
    65 | D        | Found a white marble altar of Elyvilon.
    65 | D        | Found a shadowy altar of Dithmenos.
    65 | D        | Found a snail-covered altar of Cheibriados.
    66 | D        | Found a radiant altar of Vehumet.
    66 | D        | Found a corrupted altar of Lugonu.
    66 | D        | Found a roughly hewn altar of Beogh.
    67 | D        | Found a hide-covered altar of Uskayaw.
    67 | D        | Found an ancient bone altar of Kikubaaqudgha.
    67 | D        | Found a broken altar of Ashenzari.
    99 | D        | Reached ** piety under Trog
   103 | D        | Reached skill level 5 in Unarmed Combat
   103 | D        | Reached XP level 2. HP: 19/21 MP: 2/2
   310 | D        | Reached skill level 6 in Unarmed Combat
   312 | D        | Reached XP level 3. HP: 26/26 MP: 3/3
   359 | D        | Noticed a floating eye
   365 | D        | Killed a floating eye
   365 | D        | Reached *** piety under Trog
   365 | D        | Reached skill level 8 in Unarmed Combat
   365 | D        | Reached skill level 9 in Unarmed Combat
   365 | D        | Reached XP level 4. HP: 33/33 MP: 4/4
   365 | D        | Reached XP level 5. HP: 37/37 MP: 5/5
   452 | D        | Noticed a phantom
   452 | D        | Noticed a big kobold
   568 | D        | Noticed a warg
   581 | D        | Killed a big kobold
   581 | D        | Reached **** piety under Trog
   581 | D        | Reached skill level 5 in Fighting
   581 | D        | Reached skill level 5 in Dodging
   581 | D        | Reached skill level 10 in Unarmed Combat
   594 | D        | Noticed a fire bat
   606 | D        | Killed a warg
   606 | D        | Reached skill level 11 in Unarmed Combat
   606 | D        | Reached XP level 6. HP: 30/46 MP: 6/6
   619 | D        | Killed a phantom
  1046 | D        | Reached XP level 7. HP: 26/54 MP: 7/7
  1048 | D        | HP: 3/81 [fire bat (7)]
  1050 | D        | HP: 1/81 [centaur (2)]
  1051 | D        | Slain by a fire bat

Illustrated notes

Levels and vault maps discovered:
D:        pitsprint [storerooms_1, entrance_room_1, metal_vault_3, armoury_1,
          mini_pit_1, grid_room_1, main_hall_1, silver_pit, the_coven_2,
          the_vestibule_1, steel_vault_1, golden_pit, hallway_of_sentries,
          crystal_vault_4, iron_vault_1, final_vault]

Skill      XL: |  1  2  3  4  5  6 |
---------------+-------------------+-----
Unarmed Combat | 5 6 9 11 | 11.9
Fighting       | 4 6 7 |  7.0
Dodging        | 4 6 7 |  7.0

Action                   |  1- 3 |  4- 6 |  7- 9 || total
-------------------------+-------+-------+-------++-------
Melee: Unarmed           |    15 |    23 |     4 ||    42
       Constrict         |     5 |     3 |     1 ||     9
       Tentacles         |     3 |     5 |     1 ||     9
       Punch             |     1 |     2 |       ||     3
Invok: Berserk           |     3 |     2 |       ||     5
  Use: Potion            |       |     4 |       ||     4
 Stab: Sleeping          |     1 |       |       ||     1
Armor: Skin              |     5 |     3 |       ||     8
Dodge: Dodged            |    23 |    29 |     3 ||    55

Table legend: (Time is in decaauts)
 A = Elapsed time spent in this place.
 B = Non-inter-level travel time spent in this place.
 C = Inter-level travel time spent in this place.
 D = Time resting spent in this place.
 E = Time spent auto-exploring this place.
 F = Levels seen in this place.
 G = Mean time per level.
                   A        B        C        D        E       F      G
               +--------+--------+--------+--------+--------+-----+--------+
         Total |   1082 |   1061 |     21 |    885 |      0 |   1 | 1082.0 |
       Dungeon |   1082 |   1061 |     21 |    885 |      0 |   1 | 1082.0 |
               +--------+--------+--------+--------+--------+-----+--------+

Top non-repeatable levels by time:
       D: 1082 daAuts
